 Dungeon Crawl Stone Soup version 0.30.0-29-ga12c61a403 (webtiles) character file.

Game seed: 1170932282442513512

71141 LynnLen the Imperceptible (level 14, -46/59 HPs)
             Began as a Spriggan Enchanter on June 9, 2023.
             Was the Champion of Dithmenos.
             Killed from afar by a frost giant (68 damage)
             ... with a bolt of cold
             ... on level 15 of the Dungeon.
             The game lasted 02:11:14 (30246 turns).

LynnLen the Imperceptible (Spriggan Enchanter)     Turns: 30246, Time: 02:11:15

Health: -46/59     AC:  8    Str: 10    XL:     14   Next: 96%
Magic:  43/43      EV: 17    Int: 21    God:    Dithmenos [******]
Gold:   308        SH:  0    Dex: 16    Spells: 24/44 levels left

rFire   . . .        t - +9 dagger (speed)
rCold   . . .        (no shield)
rNeg    . . .        D - +0 steam dragon scales
rPois   .            d - +2 hat {Will+}
rElec   .            x - +0 cloak
rCorr   .            (gloves unavailable)
SInv    +            (boots unavailable)
Will    +++..        F - amulet of magic regeneration Stlth ****++++++
                     G - +6 ring of strength
HPRegen 0.29/turn    J - ring of magical power
MPRegen 0.68/turn

%: no passive effects
@: wreathed by umbra, studying Conjurations, very quick
A: very small, no large weapons, unfitting armour, see invisible, speed 3
a: Renounce Religion, Shadow Step, Shadow Form


You were on level 15 of the Dungeon.
You worshipped Dithmenos.
Dithmenos was exalted by your worship.
You visited 2 branches of the dungeon, and saw 20 of its levels.

You collected 1428 gold pieces.
You spent 1120 gold pieces at shops.

Inventory:

Hand Weapons
 t - a +9 dagger of speed (weapon)
 O - the +5 whip of Syus {holy, Dex+3}
   (You found it on level 4 of the Lair of Beasts)

   Dex:       It affects your dexterity (+3).
 T - the +5 trident of Iggur {venom, Dex+3}
   (You found it on level 5 of the Lair of Beasts)

   Dex:       It affects your dexterity (+3).
Missiles
 a - 13 atropa-tipped darts
 m - 60 poisoned darts
 u - 2 throwing nets
 v - 3 datura-tipped darts
Armour
 d - a +2 hat of willpower (worn)
 x - a +0 cloak (worn)
 D - +0 steam dragon scales (worn)
 P - a +1 robe of resistance
Jewellery
 b - a ring of resist corrosion
 j - an amulet of reflection
 F - an amulet of magic regeneration (around neck)
 G - a +6 ring of strength (left hand)
 J - a ring of magical power (right hand)
 U - a ring of willpower
 V - a +6 ring of strength
 W - a ring of positive energy
Wands
 r - a wand of iceblast (21)
 y - a wand of paralysis (17)
 z - a wand of flame (40)
 A - a wand of light (16)
 M - a wand of mindburst (3)
 Z - a wand of polymorph (4)
Scrolls
 e - 4 scrolls of blinking
 g - 10 scrolls of teleportation
 h - 2 scrolls of silence
 i - 4 scrolls of fog
 l - 5 scrolls of amnesia
 n - 2 scrolls of immolation
 q - a scroll of butterflies
 s - 2 scrolls of torment
 w - a scroll of noise {unknown}
 B - 4 scrolls of magic mapping
 C - 6 scrolls of fear
 E - 4 scrolls of enchant weapon
 Q - a scroll of vulnerability {unknown}
 S - 2 scrolls of enchant armour {unknown}
Potions
 c - 5 potions of cancellation
 f - 4 potions of might
 k - 2 potions of mutation {unknown}
 o - 8 potions of curing
 p - a potion of attraction {unknown}
 H - a potion of magic {unknown}
 I - a potion of brilliance {unknown}
 K - a potion of ambrosia {unknown}
 L - 4 potions of flight
 N - 2 potions of resistance {unknown}
 R - 2 potions of heal wounds
 X - a potion of haste {unknown}
 Y - a potion of lignification {unknown}


   Skills:
 - Level 1.1 Short Blades
 * Level 2.7 Polearms
 - Level 2.6 Dodging
 + Level 21.0 Stealth
 + Level 15.9 Spellcasting
 * Level 6.6 Conjurations
 + Level 13.0 Hexes
 - Level 2.5 Ice Magic
 - Level 3.0 Air Magic
 * Level 7.0 Earth Magic
 - Level 6.4 Poison Magic
 - Level 10.0 Evocations


You had 24 spell levels left.
You knew the following spells:

 Your Spells              Type           Power      Damage    Failure   Level
a - Ensorcelled Hibernat  Hex/Ice        98%        N/A       1%          2
b - Confusing Touch       Hex            64%        N/A       1%          3
c - Tukima's Dance        Hex            64%        N/A       1%          3
d - Poisonous Vapours     Pois/Air       72%        N/A       1%          2
e - Olgreb's Toxic Radia  Pois           43%        N/A       2%          4
f - Iron Shot             Conj/Erth      22%        9d5       32%         6

Your spell library contained the following spells:

 Spells                   Type           Power      Damage    Failure   Level
 Sting                    Tmut/Pois      100%       1d8       1%          1
 Dazzling Flash           Conj/Hex       100%       N/A       1%          3
 Spider Form              Tmut/Pois      30%        N/A       2%          3
 Anguish                  Hex/Necr       22%        N/A       2%          4
 Apportation              Tloc           32%        N/A       3%          1
 Necrotise                Necr           64%        1d7       3%          1
 Summon Small Mammal      Summ           64%        N/A       3%          1
 Sublimation of Blood     Necr           16%        N/A       5%          2
 Wereblood                Tmut           16%        N/A       5%          2
 Animate Armour           Summ/Erth      62%        N/A       9%          4
 Borgnjor's Vile Clutch   Necr/Erth      15%        N/A       24%         5
 Animate Dead             Necr           16%        N/A       34%         4
 Blade Hands              Tmut           8%         N/A       69%         5
 Death Channel            Necr           8%         N/A       99%         6
 Summon Hydra             Summ           8%         N/A       100%        7


Dungeon Overview and Level Annotations

Branches:
Dungeon (15/15)            Temple (0/1) D:7            Lair (5/5) D:10
  Swamp (0/4) Lair:3       Spider (0/4) Lair:2        Slime (0/5) Lair:4
    Orc (0/2) D:9          Vaults (0/5) D:14         Depths (0/4) D:15

Altars:
Cheibriados
Dithmenos
Elyvilon
Fedhas
Gozag
Kikubaaqudgha
Makhleb
Nemelex Xobeh
Okawaru
Ru
Sif Muna
Uskayaw
Wu Jian
Xom
Yredelemnul
Zin

Shops:
D:1 =   D:2 (   D:7 :

Annotations:
D:4 3 runed translucent doors, seaoflcl's ghost, amateur MiFi
D:5 1 runed translucent door
D:14 exclusion: 2 ice statues, Kirke; Roxanne


Innate Abilities, Weirdness & Mutations

You are very small and have problems with some larger weapons.
You are too small for most types of armour.
You have supernaturally acute eyesight. (SInv)
You cover ground extremely quickly. (Speed+++)


Message History

Your shadow mimicks your spell!
The cyclops is unaffected.
The helpless cyclops fails to defend itself.
You stick the cyclops like a pincushion!!!!
You kill the cyclops!
Dithmenos accepts your kill.
Found 5 stones.
There is an open door here.
You open the door.
Found a scale mail.
There is an open door here.
You open the door.
There is an open door here.
Found a chain mail.
You now have 308 gold pieces (gained 21).
Z - a wand of polymorph (4)
You open the door.
There is an open door here.
A tengu warrior comes into view. It is wielding a +0 arbalest.
A tengu warrior comes into view. It is wielding a +0 arbalest.
The helpless tengu warrior fails to defend itself.
You perforate the tengu warrior like a sieve!!!!
You kill the tengu warrior!
Dithmenos accepts your kill.
Your Earth Magic skill increases to level 7!
You open the door.
A frost giant comes into view.
It is wielding a +0 battleaxe of freezing.
Found a staircase to the Depths.
There is an open door here.
The helpless frost giant fails to defend itself.
You perforate the frost giant like a sieve!!!!
The frost giant is almost dead.
Your shadow hits the frost giant but does no damage.
The frost giant hits you with a +0 battleaxe of freezing!!
You emit a cloud of dark smoke.
The frost giant freezes you!
You emit a cloud of dark smoke.
The frost giant casts a spell at you. The bolt of cold hits you!!!
Ouch! That really hurt!
You die...

####### #Q+§§§@§#
#.#§C§#.# #######
#.#.§§#.# ........
#.#####.# .........
#.≈...≈.#
..........#.≈...≈.#
........[.#.≈.≈.≈.#
..........#.#.#.#.#
..........#≈..#..≈#


You could see a frost giant.

Vanquished Creatures
  Rupert (D:14)
  Josephine (Lair:4)
  A fire dragon (D:11)
  Fannar (Lair:2)
  8 hydras
  2 catoblepae
  7 death yaks
  2 centaur warriors
  A tengu warrior (D:15)
  2 boulder beetles (Lair:4)
  A merfolk avatar (Lair:5)
  5 two-headed ogres
  A skyshark (Lair:3)
  A skeletal warrior (D:15)
  A sea snake (Lair:5)
  Pikel (D:7)
  A wizard (D:11)
  A deep elf pyromancer (D:10)
  3 lindwurms (Lair:4)
  3 harpies (Lair:5)
  5 manticores
  6 ugly things (D:15)
  3 cyclopes (D:15)
  An elephant (Lair:5)
  4 black mambas
  15 cane toads
  A gargoyle (D:12)
  A torpor snail (Lair:4)
  An unseen horror (D:12)
  9 komodo dragons
  7 rime drakes
  6 trolls
  3 meliai (D:14)
  5 tyrant leeches (Lair:3)
  4 hornets
  3 polar bears
  2 tarantellas (Lair:4)
  4 dream sheep (Lair:5)
  21 blink frogs
  A snapping turtle (Lair:5)
  14 slime creatures
  4 jumping spiders (Lair:4)
  A shadow (D:12)
  A water elemental (D:12)
  7 wyverns
  9 wraiths
  5 basilisks
  A steam dragon (shapeshifter) (D:13)
  34 yaks
  2 steam dragons
  6 vampire mosquitoes
  A swamp worm (Lair:3)
  Edmund (D:6)
  2 acid dragons
  Duvessa (D:4)
  18 water moccasins
  4 black bears
  An ice beast (D:6)
  A black bear (shapeshifter) (D:15)
  4 orc warriors
  5 centaurs
  2 ogres (D:7)
  4 kobold brigands
  14 bullfrogs
  6 scorpions
  A gnoll sergeant (D:12)
  5 wights (D:8)
  Dowan (D:4)
  5 killer bees (D:7)
  3 howler monkeys
  12 electric eels
  4 lava snakes (Lair:4)
  Crazy Yiuf (D:7)
  2 hounds
  2 jellies
  4 orc priests
  A gnoll bouda (D:4)
  A human skeleton (D:5)
  2 iguanas
  8 orc wizards
  10 gnolls
  5 adders
  2 white imps
  2 ufetubi (D:6)
  4 worms
  24 orcs
  7 endoplasms
  5 giant cockroaches
  6 hobgoblins
  2 jackals (D:1)
  2 quokkas
  7 ball pythons
  7 bats
  2 frilled lizards
  8 goblins
  15 kobolds
  A rat (D:1)
455 creatures vanquished.

Vanquished Creatures (collateral kills)
  2 meliai (D:13)
  An ogre (D:4)
  A centaur (D:8)
  A gnoll sergeant (D:11)
  An orc wizard (D:13)
  A gnoll (D:11)
  A kobold (D:7)
8 creatures vanquished.

Vanquished Creatures (others)
  10 dancing weapons
10 creatures vanquished.

Grand Total: 473 creatures vanquished

Notes
Turn   | Place    | Note
-------+----------+-------------------------------------------
     0 | D:1      | LynnLen the Spriggan Enchanter began the quest for the Orb.
     0 | D:1      | Reached XP level 1. HP: 9/9 MP: 5/5
   191 | D:1      | Found Ygamafom's Jewellery Shop.
   336 | D:1      | Found a faded altar of an unknown god.
   349 | D:1      | Reached XP level 2. HP: 13/13 MP: 6/6
   352 | D:1      | Learned a level 2 spell: Ensorcelled Hibernation
   639 | D:1      | Reached skill level 5 in Stealth
  1377 | D:2      | Found Raosyl's Antique Weapon Shop.
  1395 | D:2      | Reached XP level 3. HP: 16/16 MP: 6/8
  1399 | D:2      | Learned a level 3 spell: Confusing Touch
  1471 | D:2      | Found a white marble altar of Elyvilon.
  2481 | D:3      | Found a shadowy altar of Dithmenos.
  2538 | D:3      | Became a worshipper of Dithmenos the Shadowed
  2620 | D:3      | Found an ornate altar of the Wu Jian Council.
  2740 | D:3      | Reached skill level 6 in Stealth
  2911 | D:3      | Reached XP level 4. HP: 21/21 MP: 9/9
  2962 | D:3      | Found a white marble altar of Elyvilon.
  3087 | D:4      | Found a runed translucent gate.
  3088 | D:4      | Found a runed translucent gate.
  3089 | D:4      | Found a runed translucent gate.
  3127 | D:4      | Noticed an ice beast
  3127 | D:4      | Noticed seaoflcl's ghost (amateur MiFi)
  3269 | D:4      | Noticed a scorpion
  3275 | D:4      | Killed a scorpion
  3276 | D:4      | Reached skill level 1 in Ice Magic
  3300 | D:4      | Reached XP level 5. HP: 24/24 MP: 4/11
  3424 | D:4      | Noticed a black bear
  3567 | D:4      | Noticed an ogre
  3599 | D:3      | Learned a level 3 spell: Tukima's Dance
  3771 | D:4      | Noticed Duvessa
  3780 | D:4      | Reached skill level 7 in Stealth
  3788 | D:4      | Noticed Dowan
  3796 | D:4      | Killed Duvessa
  3809 | D:4      | Killed Dowan
  3810 | D:4      | Reached XP level 6. HP: 28/28 MP: 11/13
  3836 | D:4      | Reached skill level 8 in Stealth
  3836 | D:4      | Reached skill level 5 in Hexes
  4077 | D:5      | Entered Level 5 of the Dungeon
  4324 | D:5      | Reached skill level 9 in Stealth
  4324 | D:5      | Reached XP level 7. HP: 31/32 MP: 9/15
  4338 | D:5      | Learned a level 2 spell: Poisonous Vapours
  4343 | D:5      | Learned a level 4 spell: Olgreb's Toxic Radiance
  4412 | D:5      | Found a runed translucent door.
  4412 | D:5      | Noticed a human
  4443 | D:5      | Found a basalt altar of Yredelemnul.
  4791 | D:5      | Found an iron altar of Okawaru.
  5149 | D:4      | Reached skill level 5 in Spellcasting
  5623 | D:5      | Reached * piety under Dithmenos
  5776 | D:5      | Found a sparkling altar of Nemelex Xobeh.
  6184 | D:6      | Noticed Edmund
  6196 | D:6      | Killed Edmund
  6197 | D:6      | Reached skill level 10 in Stealth
  6289 | D:6      | Reached XP level 8. HP: 31/36 MP: 3/17
  6808 | D:6      | Noticed a two-headed ogre
  6816 | D:6      | Killed a two-headed ogre
  7146 | D:6      | Found a shimmering blue altar of Sif Muna.
  7261 | D:7      | Reached skill level 11 in Stealth
  7304 | D:7      | Reached XP level 9. HP: 17/39 MP: 1/21
  7442 | D:7      | Found Liesoq's Self-Improvement Boutique.
  7472 | D:7      | Found a shimmering altar of Xom.
  7743 | D:7      | Reached skill level 1 in Evocations
  7902 | D:7      | Reached ** piety under Dithmenos
  7923 | D:7      | Found a staircase to the Ecumenical Temple.
  8103 | D:7      | Found a runed translucent door.
  8104 | D:7      | Noticed Crazy Yiuf
  8180 | D:7      | Killed Crazy Yiuf
  8238 | D:7      | Found a sacrificial altar of Ru.
  8238 | D:7      | Found an ancient bone altar of Kikubaaqudgha.
  8244 | D:7      | Noticed Pikel
  8261 | D:7      | Killed Pikel
  8262 | D:7      | Reached skill level 12 in Stealth
  8740 | D:8      | Found a blossoming altar of Fedhas.
  8807 | D:8      | Reached XP level 10. HP: 44/44 MP: 20/23
  8942 | D:8      | Found a burning altar of Makhleb.
  8942 | D:8      | Noticed a green death
  8947 | D:8      | Noticed a smoke demon
  8975 | D:8      | Found a snail-covered altar of Cheibriados.
  9849 | D:8      | Reached skill level 13 in Stealth
 10105 | D:9      | Found a glowing silver altar of Zin.
 10187 | D:9      | Found a hide-covered altar of Uskayaw.
 10299 | D:9      | Found a staircase to the Orcish Mines.
 10331 | D:9      | Noticed a manticore
 10485 | D:9      | Killed a manticore
 10486 | D:9      | Reached skill level 5 in Evocations
 10703 | D:10     | Entered Level 10 of the Dungeon
 10721 | D:10     | Reached *** piety under Dithmenos
 10725 | D:10     | Found an opulent altar of Gozag.
 10867 | D:10     | Reached skill level 5 in Poison Magic
 11373 | D:10     | Reached skill level 14 in Stealth
 11591 | D:10     | Reached skill level 10 in Spellcasting
 11625 | D:10     | Found a staircase to the Lair.
 11795 | D:10     | Noticed a deep elf pyromancer
 11799 | D:10     | Killed a deep elf pyromancer
 11800 | D:10     | Reached XP level 11. HP: 47/47 MP: 26/26
 11808 | D:10     | Reached skill level 10 in Hexes
 12060 | Lair:1   | Entered Level 1 of the Lair of Beasts
 12201 | Lair:1   | Identified the +0 scale mail of Edghaqenn {Rampage rF+
                  | rCorr Int+3}
 12441 | Lair:1   | Reached skill level 15 in Stealth
 12858 | Lair:2   | Reached **** piety under Dithmenos
 13054 | Lair:2   | Noticed a death yak
 13054 | Lair:2   | Noticed a death yak
 13054 | Lair:2   | Noticed a death yak
 13133 | Lair:2   | Noticed a five-headed hydra
 13143 | Lair:2   | Killed a five-headed hydra
 13221 | Lair:2   | Learned a level 6 spell: Iron Shot
 13634 | Lair:2   | Found a hole to the Spider Nest.
 13687 | Lair:3   | Noticed Fannar
 13689 | Lair:3   | Reached skill level 16 in Stealth
 13722 | Lair:2   | Killed Fannar
 13820 | Lair:3   | Reached skill level 1 in Earth Magic
 13876 | Lair:3   | Reached skill level 1 in Conjurations
 13892 | Lair:3   | Noticed a skyshark
 14089 | Lair:3   | Killed a skyshark
 14178 | Lair:3   | Noticed a six-headed hydra
 14274 | Lair:3   | Reached XP level 12. HP: 51/51 MP: 28/28
 14304 | Lair:3   | Killed a six-headed hydra
 14658 | Lair:3   | Reached skill level 17 in Stealth
 14796 | Lair:3   | Noticed an eight-headed hydra
 14801 | Lair:3   | Killed an eight-headed hydra
 14980 | Lair:3   | Found a staircase to the Swamp.
 15928 | Lair:4   | Noticed a four-headed hydra
 15935 | Lair:4   | Killed a four-headed hydra
 15947 | Lair:4   | Noticed an eight-headed hydra
 16125 | Lair:4   | Killed an eight-headed hydra
 16275 | Lair:4   | Noticed a death yak
 16343 | Lair:4   | Reached ***** piety under Dithmenos
 16346 | Lair:4   | Noticed a four-headed hydra
 16375 | Lair:4   | Killed a four-headed hydra
 16417 | Lair:4   | Found a staircase to the Slime Pits.
 16639 | Lair:4   | Reached XP level 13. HP: 55/55 MP: 30/30
 16669 | Lair:4   | Reached skill level 18 in Stealth
 16950 | Lair:4   | Found a runed translucent door.
 17323 | Lair:4   | Identified the +5 whip of Syus {holy, Dex+3}
 17337 | Lair:4   | Found a runed translucent gate.
 17337 | Lair:4   | Found a runed translucent gate.
 17337 | Lair:4   | Found a runed translucent gate.
 17337 | Lair:4   | Found a runed translucent gate.
 17338 | Lair:4   | Found a runed translucent gate.
 17339 | Lair:4   | Found a runed translucent gate.
 17721 | Lair:4   | Noticed Josephine
 18161 | Lair:4   | Reached skill level 10 in Evocations
 18400 | Lair:4   | Killed Josephine
 19396 | Lair:2   | Reached skill level 5 in Earth Magic
 19764 | Lair:5   | Entered Level 5 of the Lair of Beasts
 19828 | Lair:5   | Reached skill level 19 in Stealth
 20881 | Lair:5   | Reached XP level 14. HP: 59/59 MP: 33/33
 21220 | Lair:5   | HP: 1/59 [rime drake/icy flash freeze (26)]
 21882 | Lair:5   | Reached skill level 5 in Conjurations
 22155 | Lair:5   | Reached skill level 15 in Spellcasting
 22257 | Lair:5   | Identified the +4 broad axe of Kutzups {heavy, Will+ Str+3}
 22261 | Lair:5   | Identified the +5 trident of Iggur {venom, Dex+3}
 22773 | D:7      | Bought a manual of Conjurations for 1120 gold pieces
 23889 | D:11     | Reached skill level 20 in Stealth
 23958 | D:11     | Reached skill level 1 in Polearms
 24078 | D:11     | Reached ****** piety under Dithmenos
 28224 | D:14     | Found a frozen archway.
 28323 | D:14     | Noticed Kirke
 28342 | D:14     | Found a gate to the Vaults.
 28388 | D:14     | Noticed Rupert
 28413 | D:14     | Killed Rupert
 28521 | D:14     | Noticed Roxanne
 28783 | D:14     | Found an iron altar of Okawaru.
 29005 | D:15     | Entered Level 15 of the Dungeon
 29021 | D:15     | Identified the +3 quarterstaff of Abunad {flame, Fly rElec
                  | rF- Stlth+}
 30001 | D:15     | Reached skill level 21 in Stealth
 30242 | D:15     | Found a staircase to the Depths.
 30242 | D:15     | Noticed a frost giant
 30246 | D:15     | Killed from afar by a frost giant

Illustrated notes

Levels and vault maps discovered:
D:1:      dpeg_arrival_central, layout_basic, serial_shops, shop,
          shapermc_ecumenical_altar_venn, minmay_stone_trees_medium
D:2:      layout_basic, basic_altar, serial_shops, nicolae_shop_rolling_square
D:3:      layout_basic, marbit_many_paths, nicolae_dithmenos_shadow_blocks,
          nicolae_wu_jian_immortal_techniques
D:4:      layout_cave_pools, gammafunk_ghost_icy, uniq_duvessa
D:5:      layout_cave_pools, dk_yredelemnul_ordeal,
          mainiacjoe_overflow_24_doors, nicolae_overflow_crystal_walls
D:6:      nicolae_cairo_tiling_large, layout_basic,
          mainiacjoe_overflow_alcove_2, minmay_a_box_with_orc_wizards_in_it,
          uniq_edmund
D:7:      layout_gridville, mainiacjoe_overflow_tiny_flanked,
          grunt_temple_overflow_open, minmay_temple_entry_slanted,
          nicolae_shop_self_help, uniq_crazy_yiuf_cottage, uniq_pikel
D:8:      layout_gridville, nicolae_overflow_hidden_temple,
          fedhas_bush_and_centaur_altar, makhleb_altar_promises_db
D:9:      layout_loops_ring, amcnicky_altar_gilded,
          mainiacjoe_overflow_small_starburst, orc_0_dummy
D:10:     layout_loops_ring, grunt_gozag_breadcrumbs, erik_lair_dragon
D:11:     layout_irregular_city
D:12:     layout_basic, serial_corexii_hall, chequers_hall_statues_wall_a,
          corexii_hall_statues_s, chequers_hall_statues_y
D:13:     layout_basic
D:14:     nicolae_cairo_tiling_very_big, layout_basic,
          okawaru_metal_pillars_1_2, portal_ice_cave_entry_ice_statue_two,
          hangedman_decor_peaks_small, lemuel_old_faithful, uniq_kirke,
          uniq_roxanne, uniq_rupert
D:15:     grunt_enter_depths_snipers, layout_irregular_city, dk_noncrumbling_4
Lair:1:   layout_roguey, serial_bayou_pond_c
Lair:2:   layout_regular_city, nicolae_spider_entry_non_spiders
Lair:3:   cheibrodos_lair_river_kwai, layout_long_grid,
          minmay_swamp_entry_worms, gammafunk_lair_bear_cave, uniq_fannar
Lair:4:   gammafunk_indiana_jones, layout_concentric_octagons,
          dpeg_slime_entry_enclosed, serial_bayou, serial_bayou_crossing,
          serial_bayou_lagoon_a, serial_bayou_pond_c, serial_bayou_shore_b,
          uniq_josephine
Lair:5:   gammafunk_lair_ancient_temple, layout_loops_ring,
          infiniplex_staircase_pool

Skill      XL: |  1  2  3  4  5  6  7  8  9 10 11 12 13 14 |
---------------+-------------------------------------------+-----
Hexes          | 4 5 6 7 8 9 10 11 12 13 | 13.0
Stealth        | 5 6 7 9 10 11 12 14 16 17 19 21 | 21.0
Spellcasting   | 3 4 5 7 8 10 11 12 14 15 | 15.9
Ice Magic      | 1 2 |  2.5
Air Magic      | 2 3 |  3.0
Poison Magic   | 2 4 5 6 |  6.4
Evocations     | 3 6 8 9 10 | 10.0
Earth Magic    | 1 4 5 7 |  7.0
Conjurations   | 1 3 4 6 |  6.6
Polearms       | 2 |  2.7
Short Blades   | |  1.1
Dodging        | |  2.6

Action                     |  1- 3 |  4- 6 |  7- 9 | 10-12 | 13-15 || total
---------------------------+-------+-------+-------+-------+-------++-------
  Melee: Dagger            |   103 |    50 |   185 |   237 |   292 ||   867
         Punch             |     1 |       |     2 |       |       ||     3
         Whip              |       |       |       |       |     3 ||     3
         Trident           |       |       |       |       |     1 ||     1
  Throw: Stone             |     5 |       |       |       |       ||     5
   Cast: Ensorcelled Hiber |    13 |    12 |    48 |   119 |   106 ||   298
         Confusing Touch   |     1 |       |    11 |    14 |    16 ||    42
         Tukima's Dance    |       |     1 |    26 |     7 |    15 ||    49
         Poisonous Vapours |       |       |       |    31 |    92 ||   123
         Olgreb's Toxic Ra |       |       |       |    12 |    46 ||    58
         Iron Shot         |       |       |       |       |     5 ||     5
  Evoke: Wand              |       |       |       |     4 |    11 ||    15
    Use: Scroll            |       |     3 |     8 |     4 |     7 ||    22
         Potion            |       |     4 |     4 |     6 |     2 ||    16
   Stab: Sleeping          |    21 |     8 |    38 |    96 |   111 ||   274
         Confused          |     1 |       |     7 |     7 |    14 ||    29
         Invisible         |       |     2 |     2 |       |       ||     4
         Distracted        |       |       |       |     1 |     1 ||     2
 Armour: Robe              |    14 |     2 |     5 |       |     1 ||    22
         Steam dragon scal |       |       |       |    17 |    35 ||    52
  Dodge: Dodged            |    67 |    30 |    96 |   121 |   147 ||   461
  Block: Other             |     5 |     5 |    27 |    12 |       ||    49
         Reflection        |       |       |       |     1 |       ||     1
